 Dungeon Crawl Stone Soup version 0.29.1-1-gd02db6906a (webtiles) character file.

Game seed: 18080895908989016094

1530 Ashen the Chiller (level 8, -7/60 HPs)
             Began as a Demonspawn Ice Elementalist on Sept 15, 2022.
             Killed by divine providence
             ... invoked by an orc priest
              (14 damage)
             ... on level 5 of the Dungeon.
             The game lasted 00:14:48 (6599 turns).

Ashen the Chiller (Demonspawn Ice Elementalist)     Turns: 6599, Time: 00:14:48

Health: -7/60      AC:  3    Str:  9    XL:     8   Next: 55%
Magic:  3/14       EV: 13    Int: 25    God:
Gold:   238        SH:  4    Dex: 13    Spells: 5/16 levels left

rFire   . . .      SeeInvis .   E - +2 dagger (elec)
rCold   . . .      Faith    .   (no shield)
rNeg    . . .      Spirit   .   a - +0 robe
rPois   .          Reflect  .   (no helmet)
rElec   .          Harm     .   y - scarf {+Inv}
rCorr   .          Rampage  .   z - +0 pair of gloves
Will    .....                   (no boots)
Stlth   +++.......              (no amulet)
HPRegen 0.20/turn               g - +6 ring of intelligence
MPRegen 0.14/turn               C - ring of wizardry

@: no status effects
A: claws 2, large bone plates 1, demonic guardian 2
a: Evoke Invisibility


You were on level 5 of the Dungeon.
You visited 1 branch of the dungeon, and saw 5 of its levels.

You collected 383 gold pieces.
You spent 145 gold pieces at shops.

Inventory:

Hand Weapons
 s - a +2 short sword of venom
 E - a +2 dagger of electrocution (weapon)
Missiles
 n - 2 javelins
Armour
 a - a +0 robe (worn)
 y - a scarf of invisibility (worn)
 z - a +0 pair of gloves (worn)
Jewellery
 g - a +6 ring of intelligence (left hand)
 C - a ring of wizardry (right hand)
Wands
 p - a wand of paralysis (16)
 B - a wand of polymorph (8)
Scrolls
 c - 7 scrolls of identify
 d - a scroll of poison {unknown}
 f - 2 scrolls of teleportation
 i - a scroll of amnesia {unknown}
 j - a scroll of immolation {unknown}
 k - a scroll of brand weapon {unknown}
 l - a scroll of enchant armour {unknown}
 u - a scroll of torment {unknown}
 v - a scroll of blinking {unknown}
 w - 2 scrolls of enchant weapon {unknown}
 x - 2 scrolls of magic mapping {unknown}
 A - a scroll of fear {unknown}
Potions
 b - a potion of magic
 e - 2 potions of flight
 h - 5 potions of curing
 m - a potion of resistance
 o - 2 potions of brilliance
 q - a potion of attraction {unknown}
 r - 2 potions of ambrosia {unknown}
 t - a potion of cancellation {unknown}
 D - a potion of haste {unknown}


   Skills:
 + Level 4.2 Fighting
 + Level 4.4 Dodging
 + Level 4.7 Stealth
 + Level 4.5 Spellcasting
 + Level 5.4 Ice Magic
 + Level 3.5 Evocations


You had 5 spell levels left.
You knew the following spells:

 Your Spells              Type           Power      Damage    Failure   Level
a - Freeze                Ice            100%       1d11      1%          1
b - Frozen Ramparts       Ice            64%        1d10      1%          3
c - Ozocubu's Armour      Ice            32%        N/A       1%          3
d - Hailstorm             Conj/Ice       19%        3d6       12%         4

Your spell library contained the following spells:

 Spells                   Type           Power      Damage    Failure   Level
 Sublimation of Blood     Necr           5%         N/A       5%          2
 Petrify                  Tmut/Erth      5%         N/A       32%         4
 Irradiate                Conj/Tmut      2%         3d12      65%         5


Dungeon Overview and Level Annotations

Branches:
Dungeon (5/15)
 Temple: D:4-7

Altars:

Shops:
D:1 *(!!(   D:2 ?=[((

Annotations:
D:3 1 runed translucent door, exclusion: door, Crazy Yiuf
D:5 exclusion: door


Innate Abilities, Weirdness & Mutations

You have very sharp fingernails.
You are partially covered in large bone plates. (SH +4)
A demonic guardian rushes to your aid.


Message History

Press: ? - help, Shift-Dir - straight line, f - ogre
Aim: an ogre, wielding a +0 giant club (severely wounded)
You freeze the ogre.
The ogre is almost dead.
The wall freezes the scorpion but does no damage.
The wall freezes the adder.
Casting: Freeze (safe; 1% risk of failure)
Confirm with . or Enter, or press ? or * to list all spells.
Aiming: Freeze (safe; 1% risk of failure)
Press: ? - help, Shift-Dir - straight line, f/p - ogre
Aim: an ogre, wielding a +0 giant club (almost dead)
You freeze the ogre.
You kill the ogre!
The wall freezes the adder.
The wall freezes the scorpion.
The wall freezes the adder.
You kill the adder!
Your ice devil hits the scorpion.
Your ice devil freezes the scorpion!
The scorpion dies!
The wall freezes the orc priest.
Casting: Freeze (safe; 1% risk of failure)
Confirm with . or Enter, or press ? or * to list all spells.
You don't have enough magic to cast this spell.
Casting: Freeze (safe; 1% risk of failure)
Confirm with . or Enter, or press ? or * to list all spells.
Okay, then.
Aiming: Paralyse
Press: ? - help, Shift-Dir - straight line, f - orc priest
Aim: an orc priest, wielding a +0 club (moderately wounded, chance to affect: 58%)
The orc priest resists with significant effort.
The wall freezes the orc priest!
The orc priest invokes the aid of Beogh against you.
Beogh smites you!
* * * LOW HITPOINT WARNING * * *
Your ice devil closely misses the orc priest.
Your icy armour and frozen ramparts will break if you move.
Continue?
Your icy armour cracks and falls away as you move.
The frozen ramparts melt away as you move.
The orc priest mumbles some strange prayers to Beogh against you.
Beogh smites you!
You die...

#................#...#
##.##..#..........####
#.................#
...####^#..........#
## #.#..........#
#.......<....#
########..########
#./.o).#..#..+$W/#
#h8.#4@#..#).#$}(#
#.[.#..#..#.)# o$#
#####..#..#..#####
#......#..#......#
#......#..#......#
#..#####..#####..#
#..)...#รท.#......#
#......#..#..[...#
#####..#..#..##### #


You could see an orc priest (ally target) and a friendly ice devil (summoned).

Vanquished Creatures
  Edmund (D:5)
  An ice beast (D:5)
  A black bear (D:5)
  A centaur (D:5)
  An ogre (D:5)
  3 phantoms (D:5)
  A necrophage (D:5)
  2 scorpions
  A howler monkey (D:4)
  An orc priest (D:4)
  4 hounds (D:5)
  3 iguanas
  An orc wizard (D:5)
  8 adders
  2 ufetubi
  A worm (D:2)
  2 dart slugs
  8 orcs
  6 bats
  5 endoplasms
  3 giant cockroaches
  13 goblins
  5 hobgoblins
  2 jackals (D:1)
  8 kobolds
  4 quokkas
  11 ball pythons
  2 frilled lizards (D:3)
  8 rats
109 creatures vanquished.

Vanquished Creatures (collateral kills)
  A kobold brigand (D:5)
  A necrophage (D:5)
  A scorpion (D:5)
  An ufetubus (D:4)
4 creatures vanquished.

Grand Total: 113 creatures vanquished

Notes
Turn   | Place    | Note
-------+----------+-------------------------------------------
     0 | D:1      | Ashen the Demonspawn Ice Elementalist began the quest for
                  | the Orb.
     0 | D:1      | Reached XP level 1. HP: 13/13 MP: 3/3
   210 | D:1      | Gained mutation: You are partially covered in large bone
                  | plates. (SH +4) [demonic ancestry]
   210 | D:1      | Reached XP level 2. HP: 16/20 MP: 0/5
   622 | D:1      | Found Rishrichi's Distillery.
   716 | D:1      | Found Ydwein's Assorted Antiques.
  1080 | D:1      | Found Taarphyv's Weapon Emporium.
  1084 | D:1      | Gained mutation: You have sharp fingernails. [demonic
                  | ancestry]
  1084 | D:1      | Reached XP level 3. HP: 24/25 MP: 4/6
  1121 | D:1      | Found Fesmyite's Distillery.
  1147 | D:1      | Reached skill level 1 in Fighting
  1212 | D:1      | Bought a scroll labelled GIZAUBR ZANGO for 21 gold pieces
  1212 | D:1      | Bought a scroll labelled GIZAUBR ZANGO for 21 gold pieces
  1212 | D:1      | Bought a scroll of teleportation for 63 gold pieces
  1240 | D:1      | Found Gulokhul's Weapon Shop.
  1402 | D:1      | You fall into a shaft and drop 1 floor!
  1402 | D:2      | Found Ibbuvymierub's Armour Emporium.
  1615 | D:2      | Found Cunty's Weapon Shop.
  1796 | D:2      | Found Puong's Weapon Boutique.
  1984 | D:2      | Found Jeqesh's Jewellery Shoppe.
  2073 | D:2      | Found Ilopub's Magic Scroll Boutique.
  2081 | D:2      | Bought 2 scrolls of identify for 40 gold pieces
  2123 | D:2      | Found a faded altar of an unknown god.
  2359 | D:3      | Reached skill level 4 in Ice Magic
  2406 | D:3      | Reached XP level 4. HP: 28/32 MP: 4/7
  3065 | D:3      | Found a runed translucent door.
  3066 | D:3      | Noticed Crazy Yiuf
  3273 | D:4      | Gained mutation: A weak demonic guardian rushes to your
                  | aid. [demonic ancestry]
  3273 | D:4      | Reached XP level 5. HP: 28/38 MP: 7/9
  3277 | D:4      | Learned a level 3 spell: Frozen Ramparts
  3281 | D:4      | Learned a level 3 spell: Ozocubu's Armour
  4419 | D:4      | Reached XP level 6. HP: 24/44 MP: 10/10
  4668 | D:4      | Reached skill level 1 in Evocations
  4933 | D:4      | Learned a level 4 spell: Hailstorm
  4950 | D:5      | Entered Level 5 of the Dungeon
  4952 | D:5      | Noticed Edmund
  4973 | D:5      | Killed Edmund
  5106 | D:5      | Gained mutation: You have very sharp fingernails. [demonic
                  | ancestry]
  5106 | D:5      | Reached XP level 7. HP: 43/51 MP: 12/12
  5921 | D:5      | Reached skill level 5 in Ice Magic
  6071 | D:5      | Gained mutation: A demonic guardian rushes to your aid.
                  | [demonic ancestry]
  6071 | D:5      | Reached XP level 8. HP: 40/59 MP: 11/14
  6599 | D:5      | Killed from afar by an orc priest

Illustrated notes

Levels and vault maps discovered:
D:1:      tarquinn_simple_flora_water_a, layout_basic, serial_shops, shop,
          nicolae_shop_hallway_plus, shop_coins, nicolae_lakefront_shop, shop,
          st_stairs_5, minmay_pentomino_t4
D:2:      layout_basic, basic_ecumenical_altar, serial_shops, shop,
          nicolae_lakefront_shop, shop,
          nicolae_shop_competitors_out_of_business,
          nicolae_shop_bloodbath_and_beyond, minmay_misc_feat_enclosed
D:3:      layout_rooms, chequers_serial_rivers_micro_e, uniq_crazy_yiuf_cottage
D:4:      kennysheep_six_static_rooms, layout_gridville, minmay_misc_feat_rows
D:5:      kennysheep_windowed_halls, layout_loops_ring, uniq_edmund

Skill      XL: |  1  2  3  4  5  6  7  8 |
---------------+-------------------------+-----
Stealth        | 2 3 4 |  4.7
Dodging        | 2 3 4 |  4.4
Fighting       | 1 2 3 4 |  4.2
Ice Magic      | 4 5 |  5.4
Spellcasting   | 3 4 |  4.5
Evocations     | 1 2 3 |  3.5

Action                   |  1- 3 |  4- 6 |  7- 9 || total
-------------------------+-------+-------+-------++-------
Melee: Unarmed           |    38 |     7 |       ||    45
       Short sword       |       |   110 |   126 ||   236
       Dagger            |       |       |    20 ||    20
 Cast: Freeze            |    66 |    29 |     3 ||    98
       Ozocubu's Armour  |       |     2 |    11 ||    13
       Frozen Ramparts   |       |     1 |     6 ||     7
       Hailstorm         |       |       |     1 ||     1
Evoke: Wand              |       |       |     1 ||     1
  Use: Scroll            |     5 |       |     1 ||     6
       Potion            |       |       |     2 ||     2
 Stab: Sleeping          |     1 |     4 |     2 ||     7
Armor: Robe              |    13 |    23 |    50 ||    86
       Skin              |       |    13 |       ||    13
Dodge: Dodged            |    51 |    88 |    93 ||   232
Block: Other             |    20 |    31 |    31 ||    82
